[ AOE2 MATCH · #495352429 ]
UnrankedByzantines vs Franks
Rival team · LOSS
[ REPLAY ANALYSIS · EXTRACTED FROM THE RECORDED GAME ]
Feudal
7:49
Castle
22:21
Imperial
—
| APM avg | 55.3 |
| APM peak | 101 |
| eAPM avg | 21.5 |
| Villagers / military | 46 / 35 |
Focus
⚔️ 33.7% · 🌾 66.3%
Archer ×25 · Skirmisher ×7 · Mangonel ×2 · Monk ×1
Feudal
10:10
Castle
22:09
Imperial
—
| APM avg | 41.9 |
| APM peak | 102 |
| eAPM avg | 18.3 |
| Villagers / military | 49 / 24 |
Focus
⚔️ 35.2% · 🌾 64.8%
Skirmisher ×15 · Knight ×4 · Militia ×4 · Spearman ×1
Match map
Initial resources + every placement click. Lines = walls · curves = elevation contours. ◆ gold · ⬟ stone · ● berries · ✦ relic · ◌ wall gap
Your base· Open — 6t gap
triiitCH2's base· Open — 14t gap
Smoothed initial terrain · ◌ = detected wall gap · hover for details
Inputs per minute
— c.salette - - triiitCH2
Build order — c.salette
150 actions detected in the replay
| 0:02 | Build | Town Center |
| 1:03 | Queue | Villager (Male) |
| 1:04 | Queue | Villager (Male) |
| 1:04 | Queue | Villager (Male) |
| 1:04 | Queue | Villager (Male) |
| 1:41 | Queue | Villager (Male) |
| 2:55 | Queue | Villager (Male) |
| 2:55 | Queue | Villager (Male) |
| 3:12 | Build | Lumber Camp |
| 3:16 | Queue | Villager (Male) |
| 3:16 | Queue | Villager (Male) |
| 3:16 | Queue | Villager (Male) |
| 3:39 | Queue | Villager (Male) |
| 3:56 | Queue | Villager (Male) |
| 4:23 | Build | Mill |
| 4:25 | Queue | Villager (Male) |
| 5:35 | Research | Feudal Age |
| 5:35 | Research | Feudal Age |
| 7:00 | Build | Barracks |
| 7:07 | Build | House |
| 7:14 | Build | House |
| 7:24 | Build | Palisade Wall |
| 7:28 | Build | Palisade Wall |
| 7:30 | Build | House |
| 7:32 | Build | Palisade Wall |
| 7:33 | Build | Palisade Wall |
| 7:45 | Queue | Villager (Male) |
| 7:49 | Age | Feudal Age |
| 7:59 | Queue | Villager (Male) |
| 8:22 | Build | Archery Range |
| 8:23 | Queue | Villager (Male) |
| 8:29 | Build | House |
| 8:32 | Build | House |
| 8:32 | Queue | Villager (Male) |
| 8:34 | Queue | Villager (Male) |
| 8:41 | Queue | Villager (Male) |
| 8:55 | Queue | Villager (Male) |
| 9:11 | Queue | Villager (Male) |
| 9:15 | Build | Mining Camp |
| 9:28 | Queue | Archer |
| 9:28 | Queue | Archer |
| 9:51 | Research | Double-Bit Axe |
| 9:51 | Research | Double-Bit Axe |
| 9:55 | Build | Palisade Wall |
| 10:01 | Queue | Archer |
| 10:03 | Queue | Villager (Male) |
| 10:16 | Queue | Archer |
| 10:19 | Queue | Villager (Male) |
| 10:40 | Queue | Archer |
| 10:43 | Queue | Villager (Male) |
| 11:17 | Queue | Villager (Male) |
| 11:21 | Build | House |
| 11:28 | Queue | Villager (Male) |
| 11:34 | Research | Horse Collar |
| 11:35 | Queue | Villager (Male) |
| 11:36 | Build | House |
| 11:53 | Queue | Archer |
| 12:03 | Queue | Villager (Male) |
| 12:09 | Build | Blacksmith |
| 12:13 | Queue | Villager (Male) |
| 12:18 | Build | House |
| 12:19 | Build | House |
| 12:31 | Queue | Villager (Male) |
| 12:46 | Build | Farm |
| 12:48 | Build | Farm |
| 12:51 | Queue | Archer |
| 12:51 | Queue | Archer |
| 13:09 | Queue | Villager (Male) |
| 13:21 | Build | Lumber Camp |
| 13:31 | Queue | Archer |
| 13:35 | Research | Fletching |
| 13:47 | Queue | Skirmisher |
| 14:03 | Queue | Villager (Male) |
| 14:09 | Build | Farm |
| 14:15 | Build | House |
| 14:18 | Build | Farm |
| 14:24 | Build | Farm |
| 14:24 | Queue | Skirmisher |
| 14:39 | Queue | Villager (Male) |
| 14:42 | Build | Farm |
| 14:43 | Queue | Skirmisher |
| 14:55 | Build | Farm |
| 14:58 | Queue | Skirmisher |
| 15:00 | Queue | Villager (Male) |
| 15:04 | Research | Loom |
| 15:27 | Queue | Skirmisher |
| 15:49 | Queue | Villager (Male) |
| 15:58 | Queue | Skirmisher |
| 16:08 | Queue | Villager (Male) |
| 16:14 | Queue | Villager (Male) |
| 16:17 | Build | Archery Range |
| 16:24 | Queue | Villager (Male) |
| 16:35 | Queue | Skirmisher |
| 16:36 | Queue | Villager (Male) |
| 16:42 | Build | Mill |
| 17:03 | Build | Farm |
| 17:03 | Build | Farm |
| 17:04 | Build | Farm |
| 17:04 | Build | Farm |
| 17:05 | Build | Farm |
| 17:05 | Build | Farm |
| 17:05 | Build | Farm |
| 17:14 | Queue | Villager (Male) |
| 17:20 | Queue | Archer |
| 17:20 | Queue | Archer |
| 17:32 | Queue | Villager (Male) |
| 17:35 | Build | Farm |
| 17:35 | Build | Farm |
| 17:35 | Build | Farm |
| 17:35 | Build | Farm |
| 17:55 | Queue | Villager (Male) |
| 17:56 | Queue | Archer |
| 17:56 | Queue | Archer |
| 18:03 | Build | Farm |
| 18:09 | Build | Farm |
| 18:14 | Queue | Archer |
| 18:37 | Queue | Archer |
| 18:37 | Queue | Archer |
| 19:12 | Build | Market |
| 19:32 | Queue | Archer |
| 19:41 | Research | Castle Age |
| 19:47 | Build | Farm |
| 20:24 | Research | Gold Mining |
| 20:53 | Queue | Archer |
| 20:53 | Queue | Archer |
| 20:55 | Research | Padded Archer Armor |
| 20:56 | Research | Padded Archer Armor |
| 21:30 | Queue | Archer |
| 21:31 | Queue | Archer |
| 21:35 | Build | House |
| 21:38 | Build | Lumber Camp |
| 21:48 | Queue | Archer |
| 21:48 | Queue | Archer |
| 22:21 | Age | Castle Age |
| 22:23 | Build | Town Center |
| 22:26 | Research | Bodkin Arrow |
| 22:31 | Research | Crossbowman (upgrade) |
| 22:31 | Research | Crossbowman (upgrade) |
| 22:32 | Queue | Villager (Male) |
| 22:34 | Build | Monastery |
| 22:45 | Build | Siege Workshop |
| 22:58 | Research | Wheelbarrow |
| 23:18 | Queue | Archer |
| 23:18 | Queue | Archer |
| 23:21 | Queue | Monk |
| 23:22 | Queue | Villager (Male) |
| 23:30 | Queue | Villager (Male) |
| 23:30 | Queue | Villager (Male) |
| 23:47 | Queue | Mangonel |
| 23:47 | Queue | Mangonel |
Build order — triiitCH2
138 actions detected in the replay
| 0:02 | Build | Town Center |
| 1:03 | Queue | Villager (Male) |
| 1:04 | Queue | Villager (Male) |
| 1:04 | Queue | Villager (Male) |
| 1:04 | Queue | Villager (Male) |
| 1:04 | Queue | Villager (Male) |
| 1:22 | Build | Lumber Camp |
| 2:02 | Queue | Villager (Male) |
| 2:30 | Queue | Villager (Male) |
| 3:29 | Queue | Villager (Male) |
| 3:34 | Queue | Villager (Male) |
| 3:34 | Queue | Villager (Male) |
| 3:47 | Build | Barracks |
| 3:55 | Queue | Villager (Male) |
| 4:44 | Queue | Militia |
| 4:44 | Queue | Militia |
| 4:52 | Queue | Militia |
| 4:54 | Build | House |
| 5:07 | Queue | Villager (Male) |
| 5:19 | Queue | Villager (Male) |
| 5:53 | Queue | Militia |
| 6:00 | Queue | Villager (Male) |
| 6:24 | Queue | Villager (Male) |
| 6:37 | Queue | Villager (Male) |
| 6:40 | Build | Mining Camp |
| 6:54 | Build | Mill |
| 6:56 | Queue | Villager (Male) |
| 7:31 | Build | House |
| 7:33 | Build | Palisade Wall |
| 8:00 | Research | Feudal Age |
| 8:00 | Research | Feudal Age |
| 8:34 | Build | House |
| 8:35 | Build | Palisade Wall |
| 8:56 | Research | Loom |
| 9:17 | Build | House |
| 9:33 | Queue | Villager (Male) |
| 9:50 | Build | Palisade Wall |
| 10:03 | Queue | Villager (Male) |
| 10:10 | Age | Feudal Age |
| 10:20 | Build | Stable |
| 10:26 | Build | Archery Range |
| 10:28 | Build | Palisade Wall |
| 10:31 | Queue | Villager (Male) |
| 10:33 | Research | Man-at-Arms (upgrade) |
| 10:41 | Queue | Villager (Male) |
| 11:13 | Queue | Skirmisher |
| 11:14 | Queue | Skirmisher |
| 11:14 | Queue | Skirmisher |
| 11:23 | Build | Blacksmith |
| 11:27 | Research | Double-Bit Axe |
| 11:30 | Queue | Villager (Male) |
| 11:32 | Queue | Skirmisher |
| 11:52 | Queue | Villager (Male) |
| 11:56 | Queue | Skirmisher |
| 12:12 | Research | Fletching |
| 12:17 | Build | Palisade Wall |
| 12:22 | Queue | Skirmisher |
| 12:33 | Build | Farm |
| 12:35 | Queue | Villager (Male) |
| 12:47 | Queue | Villager (Male) |
| 12:54 | Queue | Skirmisher |
| 12:57 | Build | Farm |
| 13:07 | Queue | Villager (Male) |
| 13:13 | Build | House |
| 13:26 | Queue | Villager (Male) |
| 13:27 | Queue | Skirmisher |
| 13:35 | Queue | Spearman |
| 13:38 | Queue | Villager (Male) |
| 13:42 | Build | Farm |
| 13:43 | Queue | Villager (Male) |
| 14:01 | Build | Farm |
| 14:03 | Build | House |
| 14:18 | Queue | Skirmisher |
| 14:23 | Queue | Villager (Male) |
| 14:31 | Build | Farm |
| 14:40 | Queue | Villager (Male) |
| 14:47 | Queue | Skirmisher |
| 14:55 | Build | Palisade Wall |
| 14:56 | Queue | Skirmisher |
| 15:07 | Build | Farm |
| 15:08 | Build | Farm |
| 15:25 | Build | Farm |
| 15:26 | Queue | Villager (Male) |
| 15:48 | Queue | Villager (Male) |
| 15:49 | Build | House |
| 16:09 | Queue | Villager (Male) |
| 16:21 | Build | Lumber Camp |
| 16:33 | Queue | Villager (Male) |
| 16:38 | Build | Farm |
| 16:40 | Queue | Skirmisher |
| 16:44 | Queue | Villager (Male) |
| 16:52 | Queue | Villager (Male) |
| 17:06 | Queue | Villager (Male) |
| 17:25 | Queue | Villager (Male) |
| 17:27 | Build | Farm |
| 17:30 | Build | House |
| 17:53 | Build | Farm |
| 17:56 | Build | Farm |
| 18:17 | Build | Farm |
| 18:27 | Queue | Villager (Male) |
| 18:29 | Build | Farm |
| 18:40 | Queue | Skirmisher |
| 19:01 | Build | House |
| 19:03 | Build | House |
| 19:29 | Research | Castle Age |
| 19:29 | Research | Castle Age |
| 19:51 | Build | Stable |
| 19:52 | Research | Gold Mining |
| 21:01 | Build | Farm |
| 21:09 | Build | Stable |
| 21:19 | Queue | Skirmisher |
| 21:20 | Queue | Skirmisher |
| 21:27 | Research | Scale Barding Armor |
| 21:31 | Research | Forging |
| 21:46 | Queue | Villager (Male) |
| 21:47 | Queue | Villager (Male) |
| 22:05 | Research | Wheelbarrow |
| 22:09 | Age | Castle Age |
| 22:12 | Queue | Knight |
| 22:13 | Queue | Knight |
| 22:16 | Build | Town Center |
| 22:19 | Build | Town Center |
| 22:21 | Queue | Villager (Male) |
| 22:29 | Research | Bodkin Arrow |
| 22:32 | Research | Elite Skirmisher (upgrade) |
| 22:45 | Queue | Villager (Male) |
| 23:19 | Queue | Villager (Male) |
| 23:36 | Research | Padded Archer Armor |
| 23:43 | Queue | Villager (Male) |
| 23:43 | Queue | Villager (Male) |
| 23:45 | Build | Farm |
| 23:45 | Build | Farm |
| 23:45 | Build | Farm |
| 23:45 | Build | Farm |
| 23:46 | Queue | Villager (Male) |
| 23:56 | Queue | Knight |
| 23:57 | Queue | Knight |
| 24:07 | Queue | Villager (Male) |
Match timeline
| 3:47 | triiitCH2 · first_building Barracks |
| 7:00 | c.salette · first_building Barracks |
| 7:24 | c.salette · wall_segment Palisade Wall x1 |
| 7:28 | c.salette · wall_segment Palisade Wall x2 |
| 7:32 | c.salette · wall_segment Palisade Wall x1 |
| 7:33 | triiitCH2 · wall_segment Palisade Wall x4 |
| 7:33 | c.salette · wall_segment Palisade Wall x1 |
| 7:49 | c.salette · age_up feudal |
| 8:22 | c.salette · first_building Archery Range |
| 8:35 | triiitCH2 · wall_segment Palisade Wall x4 |
| 9:50 | triiitCH2 · wall_segment Palisade Wall x4 |
| 9:55 | c.salette · wall_segment Palisade Wall x2 |
| 10:10 | triiitCH2 · age_up feudal |
| 10:20 | triiitCH2 · first_building Stable |
| 10:26 | triiitCH2 · first_building Archery Range |
| 10:28 | triiitCH2 · wall_segment Palisade Wall x1 |
| 12:17 | triiitCH2 · wall_segment Palisade Wall x1 |
| 14:55 | triiitCH2 · wall_segment Palisade Wall x1 |
| 19:40 | c.salette · first_market_sell 100 stone |
| 19:41 | c.salette · first_market_buy 100 food |
| 22:09 | triiitCH2 · age_up castle |
| 22:21 | c.salette · age_up castle |
| 22:34 | c.salette · first_building Monastery |
| 22:45 | c.salette · first_building Siege Workshop |
| 24:15 | triiitCH2 · resign |
[ AI ANALYSIS · 1 CREDIT ]
What really happened in this match?
Wolo.gg analyzes every decision: build order, eco, micro, common mistakes by bracket. Personalized analysis on WhatsApp or Discord in 30 seconds.
Civ guide
Byzantines
Perfil
Jugador #1920807